[Event "45th FIDE Womens Olympiad 2024"]
[Site "Budapest"]
[Date "2024.09.16"]
[Round "6.31"]
[White "Heinemann, Josefine"]
[Black "Gueci, Tea"]
[Result "1-0"]
[ECO "B15"]
[WhiteElo "2316"]
[BlackElo "2199"]
[Annotator "TA"]
[PlyCount "55"]
[EventDate "2024.09.05"]
[EventType "team-tourn"]
[EventCountry "HUN"]
[SourceTitle "playchess.com"]
[Source "ChessBase"]
[SourceQuality "1"]
[WhiteTeam "Germany"]
[BlackTeam "Italy"]
[WhiteTeamCountry "GER"]
[BlackTeamCountry "ITA"]
[TimeControl "40/5400+30:1800+30"]

1. e4 c6 2. d4 d5 3. Nd2 dxe4 4. Nxe4 Nf6 5. Nxf6+ exf6 6. c3 Bd6 7. Bd3 O-O 8. Qc2 {[%emt 0:00:10] Active counter play!} Re8+ 9. Ne2 h5 10. O-O h4 {[%emt 0:00:29] White is slightly better.} 11. h3 Nd7 12. Bd2 Nf8 13. Rae1 Be6 14. Nf4 Qc7 (14... g6 $11) 15. Nxe6 $16 Nxe6 16. Bc4 Nf4 17. Qf5 b5 18. Bb3 b4 19. Bxf4 (19. cxb4 $6 Ne2+ 20. Kh1 Nxd4 $14) (19. Bc2 $18 {Qh7+ would kill now.} Ng6 20. cxb4) 19... Bxf4 20. Bc2 g6 21. Qxf6 {[%emt 0:00:40] And now Bb3 would win.} bxc3 $2 {[%emt 0:02:53] [#]} (21... Qd6 $16 22. Qxh4 bxc3) 22. bxc3 $2 ({Stronger than} 22. Qxh4 cxb2 23. g3 Rxe1 24. Rxe1 Qa5 $19) (22. Bb3 $1 $18 Rxe1 23. Rxe1 cxb2 24. Qxg6+ (24. Qxh4 $2 c5 $19) 24... Kh8 25. Bxf7 (25. Qxf7 $2 Qxf7 26. Bxf7 Rd8 $19)) 22... Bd2 (22... Qd6 $16 {was necessary.} 23. Qxh4 Bd2) 23. Rxe8+ $18 Rxe8 24. Bb3 ({Less strong is} 24. Qxh4 Bxc3 25. Rd1 Qd6 $14) 24... Bxc3 $2 (24... Kf8 {is a better defense.} 25. Qh8+ (25. Qxh4 Kg7 $16) 25... Ke7 26. Qxh4+ Kf8) 25. Qxg6+ ({Weaker is} 25. Qxh4 Qd6 $11) 25... Kf8 26. Qh6+ Kg8 27. Qg5+ Kf8 (27... Kh8 $142 28. Qxh4+ Kg7 29. Bxf7 Qxf7 30. Qg3+ Qg6) 28. Qc5+ {[%emt 0:00:06] Weighted Error Value: White=0.13 (very precise) /Black=0.56.  Missed win:     	White=1     	---        Mistake:       	White=1     	Black=6      OK:         	White=7     	Black=4      Best:        	White=5     	Black=2} 1-0

[Event "45th FIDE Womens Olympiad 2024"]
[Site "Budapest"]
[Date "2024.09.16"]
[Round "6.31"]
[White "Aishath, Iva Hassan"]
[Black "Gontcharova, Olga"]
[Result "1-0"]
[ECO "B07"]
[WhiteElo "1422"]
[BlackElo "1567"]
[PlyCount "53"]
[EventDate "2024.09.05"]
[EventType "team-tourn"]
[EventCountry "HUN"]
[WhiteTeam "Maldives"]
[BlackTeam "Bermuda"]
[WhiteTeamCountry "MDV"]
[BlackTeamCountry "BER"]
[TimeControl "40/5400+30:1800+30"]

1. d4 d6 2. e4 Nf6 3. Nc3 e5 4. dxe5 dxe5 5. Qxd8+ Kxd8 6. Bg5 Be7 7. Nf3 Nbd7 8. O-O-O Bd6 9. Bxf6+ gxf6 10. Nb5 Be7 11. g3 a6 12. Nc3 c6 13. Nh4 b5 14. Bh3 Ke8 15. Nf5 Bf8 16. Nd6+ Bxd6 17. Rxd6 Ke7 18. Rxc6 Bb7 19. Rc7 Rab8 20. Rxd7+ Ke8 21. Rhd1 Bc6 22. Rc7 Ba8 23. Rdd7 Bc6 24. Rxc6 Rd8 25. Rxd8+ Kxd8 26. Rc8+ Ke7 27. Rxh8 1-0

[Event "45th FIDE Womens Olympiad 2024"]
[Site "Budapest"]
[Date "2024.09.16"]
[Round "6.32"]
[White "Sedina, Elena"]
[Black "Klek, Hanna Marie"]
[Result "0-1"]
[ECO "C54"]
[WhiteElo "2196"]
[BlackElo "2296"]
[Annotator "TA"]
[PlyCount "66"]
[EventDate "2024.09.05"]
[EventType "team-tourn"]
[EventCountry "HUN"]
[SourceTitle "playchess.com"]
[Source "ChessBase"]
[SourceQuality "1"]
[WhiteTeam "Italy"]
[BlackTeam "Germany"]
[WhiteTeamCountry "ITA"]
[BlackTeamCountry "GER"]
[TimeControl "40/5400+30:1800+30"]

1. e4 e5 2. Nf3 Nc6 3. Bc4 Bc5 4. c3 Nf6 5. d4 exd4 6. e5 d5 7. Bb5 Ne4 8. cxd4 Bb6 9. Nc3 O-O 10. Be3 Bg4 11. h3 Bh5 12. Qc2 {[%emt 0:01:29] The position is equal.} Ba5 13. O-O Bxf3 14. gxf3 Ng5 {[%emt 0:00:09][%cal Oc6d4] And now ...Nxd4! would win.} 15. Kg2 {[%emt 0:29:14] Bxc6 is the strong threat.} Bxc3 16. Qxc3 Ne6 17. Bxc6 bxc6 18. Qxc6 Rb8 19. f4 {[%emt 0:04:29] Black must now prevent f5.} Rb6 (19... Rxb2 $2 {loses.} 20. f5 Nxd4 (20... Rb6 $2 21. Qc1 $18) 21. Qc3 (21. Bxd4 Qg5+ 22. Kh1 Qxf5 $11) 21... Nxf5 22. Qxb2 $18) 20. Qc2 f5 21. Kh2 Qh4 22. Qd2 $2 {[%emt 0:03:23] [#]} (22. Qc1 $11 {and White is okay.}) 22... g5 $1 $36 {[%emt 0:07:24][%cal Rg5f4][%mdl 2560] Black is really pushing.} 23. f3 (23. fxg5 $2 {perishes.} f4 24. Qe2 Nxg5 $19 (24... fxe3 $2 25. fxe3 Nxg5 26. Qg2 $19)) (23. Rg1 Kh8) 23... gxf4 24. Rg1+ Kh8 25. Bf2 {[%emt 0:00:06] [#]} Qh5 {[%emt 0:01:32][%cal Oh7h6] Hoping for ...h6!} 26. h4 Rfb8 27. b3 Qxf3 28. Rac1 {[%emt 0:01:37] Prevents Rc6} Rg8 29. Rc3 Qe4 30. Rxg8+ Kxg8 31. Rc1 (31. Qd1 $17) 31... Kf7 32. Re1 Qf3 {[%emt 0:00:39] ...Rc6 would now be deadly.} 33. Qe2 $2 {[%emt 0:01:23] [#]} (33. Rc1) 33... Nxd4 $1 {[%emt 0:03:23][%mdl 512] Weighted Error Value: White=0.33/Black=0.03 (flawless) .  Loses game:     	White=1     	---        Mistake:       	White=2     	---        Inaccurate:     	---       	Black=1      OK:         	White=12    	Black=14     Best:        	---       	Black=3      Brilliant:      	---       	Black=1} 0-1

[Event "45th FIDE Womens Olympiad 2024"]
[Site "Budapest"]
[Date "2024.09.16"]
[Round "6.33"]
[White "Francisco Guecamburu, Candela Be"]
[Black "Khademalsharieh, Sarasadat"]
[Result "0-1"]
[ECO "C58"]
[WhiteElo "2294"]
[BlackElo "2468"]
[Annotator "TA"]
[PlyCount "80"]
[EventDate "2024.09.05"]
[EventType "team-tourn"]
[EventCountry "HUN"]
[SourceTitle "playchess.com"]
[Source "ChessBase"]
[SourceQuality "1"]
[WhiteTeam "Argentina"]
[BlackTeam "Spain"]
[WhiteTeamCountry "ARG"]
[BlackTeamCountry "ESP"]
[TimeControl "40/5400+30:1800+30"]

1. e4 e5 2. Nf3 Nc6 3. Bc4 Nf6 4. Ng5 d5 5. exd5 Na5 6. Bb5+ c6 7. dxc6 bxc6 8. Qf3 Be7 9. Bd3 h6 (9... O-O {is interesting.} 10. Nc3 Rb8 11. O-O g6) 10. Ne4 Nd5 {White is slightly better.} 11. Ng3 O-O (11... g6 $11 {keeps the balance.}) 12. Bf5 $16 Ba6 {[#]} 13. a3 ({White should play} 13. d3 $1 $16) 13... Bg5 14. Ne4 (14. Nc3 $14) 14... g6 15. Nc5 $1 gxf5 16. Nxa6 Qf6 17. g3 (17. h4 $14 Bxh4 18. g4) 17... e4 $36 {[%mdl 2048] Black fights for an advantage.} 18. Qe2 Qg7 19. Nc3 Rae8 20. Nxd5 cxd5 21. Qb5 {Inhibits Nc6.} Nc4 22. Qxd5 $2 {[#] Loses the game.} (22. O-O $15) 22... Ne5 $1 $19 23. Qb5 {[#]} Bxd2+ $1 24. Bxd2 (24. Kxd2 $2 Nf3+ 25. Ke3 Qg5+ 26. Ke2 Qh5 $19) 24... Nf3+ 25. Kf1 Nxd2+ 26. Kg2 Qg4 27. Rhe1 $2 (27. Rhf1) 27... f4 28. h3 (28. Nb4 $142 e3 29. fxe3 f3+ (29... fxe3 $2 30. Qd3 $17) (29... Rxe3 30. Rxe3 fxe3 31. Qc6 $17) 30. Kg1) 28... Qf3+ 29. Kg1 fxg3 30. Re2 {[#]} Re6 $1 {[%cal Oe6g6] ( -> ...Rg6!)} 31. fxg3 {[#]} Rg6 $1 32. g4 Qg3+ 33. Rg2 Nf3+ 34. Kf1 Qxh3 35. Qh5 Nd2+ (35... Nh4 $142 36. Qxh4 Qxh4 37. Ke2 Qf6 (37... Rxa6 $2 38. Rag1 $19) 38. Rg3 Qxb2 (38... Qxa6+ $2 39. Kf2 $19) 39. Nc5 Qxc2+ (39... Qxa1 $2 40. Nb7 $19) 40. Kf1 Rf6+ (40... Qxc5 $2 41. Kg2 $19) 41. Kg1 Qf2+ (41... Qxc5+ {is a self mate.} 42. Kh2 e3 43. Re1 Rf2+ 44. Kh3 Re8 45. Rh1 e2 46. Rhg1 Re3 47. Rh1 Rxg3+ 48. Kxg3 Qe3+ 49. Kh4 Rf3 50. Kh5 Qg5#) 42. Kh1 Qxg3 43. Nxe4 Qh3+ (43... Qxg4 44. Nxf6+ Kg7 45. Nxg4 $16) 44. Kg1 Rf3 (44... Qxg4+ {leads to mate.} 45. Kh2 Qh4+ 46. Kg2 Qxe4+ 47. Kh2 Rf2+ 48. Kg3 Rg2+ 49. Kh3 Qg4#) 45. Rc1 Qxg4+ 46. Ng3 Qxg3+ (46... Rxg3+ 47. Kf2 Qf3+ 48. Ke1 Re8+ 49. Kd2 Rg2#) 47. Kh1 Rf4 48. Rg1 Rh4#) 36. Kg1 {Black is clearly winning.} Qe3+ 37. Kh1 Rxa6 38. g5 Rg6 {Strongly threatening ...Nf3.} 39. Rag1 Kh7 {White must now prevent ...Rfg8.} 40. Rg3 Nf3 {Weighted Error Value: White=0.85/Black=0.25 (precise) .  Loses game:     	White=1     	---        Mistake:       	White=5     	Black=1      Inaccurate:     	White=1     	Black=2      OK:         	White=5     	Black=8      Best:        	White=4     	Black=3      Strong:       	White=1     	Black=1} 0-1

[Event "45th FIDE Womens Olympiad 2024"]
[Site "Budapest"]
[Date "2024.09.16"]
[Round "6.33"]
[White "Spinola, Divania"]
[Black "Maly, Inthavong"]
[Result "0-1"]
[ECO "C24"]
[WhiteElo "1583"]
[BlackElo "1633"]
[PlyCount "136"]
[EventDate "2024.09.05"]
[EventType "team-tourn"]
[EventCountry "HUN"]
[WhiteTeam "Cape Verde"]
[BlackTeam "Laos"]
[BlackTeamCountry "LAO"]
[TimeControl "40/5400+30:1800+30"]

1. e4 e5 2. Nf3 Nc6 3. Bc4 Nf6 4. d3 d5 5. exd5 Nxd5 6. Bxd5 Qxd5 7. Nc3 Bb4 8. O-O Bxc3 9. bxc3 Bg4 10. Re1 Bxf3 11. Qxf3 Qxf3 12. gxf3 O-O 13. Ba3 Rfe8 14. Rab1 Rab8 15. Kg2 Re6 16. Kf1 b6 17. c4 Nd4 18. Re4 Nxf3 19. Ke2 Nd4+ 20. Kd2 f5 21. Re3 e4 22. Bb2 Nf3+ 23. Ke2 Nxh2 24. dxe4 fxe4 25. Rg3 g6 26. Rd1 Rd6 27. Be5 Rxd1 28. Kxd1 Rd8+ 29. Ke2 Rd7 30. Re3 Ng4 31. Rxe4 Nxe5 32. Rxe5 Kf7 33. Kf3 Rd2 34. Re4 c5 35. Rf4+ Kg7 36. Re4 Rd7 37. Ke3 h5 38. f4 Kf6 39. Kf3 Rd2 40. Re8 Rxc2 41. Rf8+ Kg7 42. Rd8 Rxa2 43. Rd7+ Kh6 44. Rd8 a5 45. Rh8+ Kg7 46. Rb8 Rb2 47. Rb7+ Kh6 48. Ke4 h4 49. Rb8 Kg7 50. Rb7+ Kf6 51. Rc7 Re2+ 52. Kf3 Re6 53. Kg4 a4 54. Rh7 Re4 55. Rxh4 Rxc4 56. Kf3 a3 57. Rh1 a2 58. Ra1 Rc2 59. Ke3 b5 60. Kd3 Rf2 61. Kc3 Kf5 62. Kb3 Kxf4 63. Rxa2 Rxa2 64. Kxa2 g5 65. Kb2 Ke3 66. Kc2 g4 67. Kc1 Ke2 68. Kc2 g3 {0-} 0-1

[Event "45th FIDE Womens Olympiad 2024"]
[Site "Budapest"]
[Date "2024.09.16"]
[Round "6.34"]
[White "Vega Gutierrez, Sabrina"]
[Black "Campos, Maria Jose"]
[Result "1-0"]
[ECO "C48"]
[WhiteElo "2374"]
[BlackElo "2252"]
[Annotator "TA"]
[PlyCount "55"]
[EventDate "2024.09.05"]
[EventType "team-tourn"]
[EventCountry "HUN"]
[SourceTitle "playchess.com"]
[Source "ChessBase"]
[SourceQuality "1"]
[WhiteTeam "Spain"]
[BlackTeam "Argentina"]
[WhiteTeamCountry "ESP"]
[BlackTeamCountry "ARG"]
[TimeControl "40/5400+30:1800+30"]

1. e4 e5 2. Nf3 Nc6 3. Nc3 Nf6 4. Bb5 Nd4 5. O-O Nxb5 6. Nxb5 c6 7. Nc3 d6 8. d4 Qc7 9. Bg5 Be7 10. a4 Bg4 11. Bxf6 {The position is equal.} Bxf6 12. d5 O-O 13. h3 Bd7 14. Qd3 Rad8 15. a5 c5 16. Rfd1 g6 17. Qc4 Bg7 18. Ra3 Bh6 19. Ne1 f5 20. Nd3 Rc8 (20... Qc8 $11 {remains equal.}) 21. Nxe5 $1 $16 {[%cal Oe5c6] Threatens to win with Nc6!} Bg7 (21... Rce8 $142 22. Nf3 (22. Nxd7 Qxd7 23. b4 cxb4 $14) 22... Bg7) 22. Nc6 $1 $36 {[%mdl 2048] White is in control. White is more active.} (22. Nxd7 Qxd7 23. exf5 Rxf5 $14) 22... Bxc3 {[#]} (22... Rce8 23. Nb5 (23. Nxa7 Bxc3 24. bxc3 Rxe4 $16) 23... Rxe4 24. Qxe4 (24. Ncxa7 Rxc4 25. Nxc7 Rxc2 $17) 24... fxe4 25. Nxc7 $18) (22... Be8 $16) 23. Rxc3 $2 (23. Nxa7 $2 {loses.} Bxb2 24. Nxc8 Bxc8 $19 (24... Bxa3 25. Ne7+ Kf7 26. e5 $19)) (23. Ne7+ $1 $18 {is the precise move to win.} Kf7 24. Nxc8) 23... Rce8 $2 {[%mdl 8192] [#]} (23... Rf7 $16) 24. e5 $1 $18 (24. Nxa7 Rxe4 25. Qb3 Qb8 $17) 24... Bc8 25. exd6 {White is clearly winning.} (25. Nxa7 Rxe5 26. Nxc8 Rxc8 $16) 25... Qxd6 26. Nxa7 ({Not} 26. Qxc5 Qxc5 27. Rxc5 bxc6 $16) 26... Bd7 27. Nb5 Qf6 28. Qxc5 {Weighted Error Value: White=0.19 (very precise) /Black=0.51.  Loses game:     	---       	Black=2      Missed win:     	White=1     	---        Mistake:       	---       	Black=2      Inaccurate:     	White=1     	Black=2      OK:         	White=4     	Black=7      Best:        	White=2     	---        Strong:       	White=3     	---} 1-0

[Event "45th FIDE Womens Olympiad 2024"]
[Site "Budapest"]
[Date "2024.09.16"]
[Round "6.35"]
[White "Borda Rodas, Anapaola S."]
[Black "Matnadze Bujiashvili, Ann"]
[Result "1/2-1/2"]
[ECO "C45"]
[WhiteElo "2216"]
[BlackElo "2338"]
[Annotator "TA"]
[PlyCount "99"]
[EventDate "2024.09.05"]
[EventType "team-tourn"]
[EventCountry "HUN"]
[SourceTitle "playchess.com"]
[Source "ChessBase"]
[SourceQuality "1"]
[WhiteTeam "Argentina"]
[BlackTeam "Spain"]
[WhiteTeamCountry "ARG"]
[BlackTeamCountry "ESP"]
[TimeControl "40/5400+30:1800+30"]

1. e4 e5 2. Nf3 d6 3. d4 exd4 4. Nxd4 Be7 5. c4 Nf6 6. Nc3 O-O 7. Bd3 Nc6 8. Nxc6 bxc6 9. O-O Re8 10. h3 Nd7 11. Be3 Bf6 12. Rc1 {The position is equal.} Ne5 (12... c5 $11 {feels stronger.}) 13. Be2 Ng6 14. c5 Rb8 15. b3 a5 16. Bd3 dxc5 17. Bxc5 Be5 18. Be3 Qh4 19. Qf3 Re6 {[%cal Be8e6,Be6d6,Bd6d4][%mdl 32] And now ...Rf6 would win.} 20. Qg4 Qf6 {[#]} (20... Qe7 $14) 21. Bg5 $1 $16 Rd6 22. Bxf6 (22. Qh5 {looks sharper.} Qe6 23. Bc4 Qe8 24. f4) 22... Bxg4 23. Bxe5 Nxe5 24. Bb1 Bc8 25. f4 Ng6 26. e5 Rd4 {[#]} 27. Rcd1 (27. Rfd1 $142 $1 Rbb4 28. Kf2) 27... c5 28. Bxg6 hxg6 29. Ne2 (29. Na4 $16) 29... Rxd1 $11 30. Rxd1 {[%mdl 4096] Endgame. Hoping for Rd8+. KRB-KRN} Ba6 31. Nc3 {Strongly threatening Rd5.} c4 32. bxc4 Bxc4 33. Rd7 Rc8 34. Kf2 Be6 35. Rd2 Kf8 36. Ne4 Ke7 37. Nc5 Rb8 38. Na6 Rc8 {...c5 is the strong threat.} 39. Rc2 c6 ({Better is} 39... c5 $11 40. Nxc5 Bxa2) 40. Rc5 (40. Nc5 $14) 40... Bxa2 41. Rxa5 Bd5 42. Nc5 Rb8 43. Ra7+ Ke8 44. Nb7 Kf8 45. g4 Re8 46. Nc5 Kg8 47. h4 {White is more active.} Rb8 48. Nb7 (48. Ke3 $14) 48... Re8 49. Kg3 Re7 {White must now prevent ...Kh7.} 50. Ra8+ {Weighted Error Value: White=0.15 (very precise) /Black=0.16 (very precise) .  Mistake:       	White=4     	Black=3      Inaccurate:     	White=4     	Black=3      OK:         	White=12    	Black=13     Best:        	White=2     	Black=3      Strong:       	White=1     	---} 1/2-1/2

[Event "45th FIDE Womens Olympiad 2024"]
[Site "Budapest"]
[Date "2024.09.16"]
[Round "6.36"]
[White "Calzetta Ruiz, Monica"]
[Black "Sarquis, Maria Belen"]
[Result "1-0"]
[ECO "C76"]
[WhiteElo "2199"]
[BlackElo "2172"]
[Annotator "TA"]
[PlyCount "84"]
[EventDate "2024.09.05"]
[EventType "team-tourn"]
[EventCountry "HUN"]
[SourceTitle "playchess.com"]
[Source "ChessBase"]
[SourceQuality "1"]
[WhiteTeam "Spain"]
[BlackTeam "Argentina"]
[WhiteTeamCountry "ESP"]
[BlackTeamCountry "ARG"]
[TimeControl "40/5400+30:1800+30"]

1. e4 e5 2. Nf3 Nc6 3. Bb5 a6 4. Ba4 d6 5. O-O Bd7 6. c3 g6 7. d4 Bg7 8. Be3 Nf6 9. Nbd2 Ng4 10. Bb3 (10. Bg5 $14 f6 11. Bh4) 10... Nxe3 $11 11. fxe3 {[%cal Ob3f7] The position is equal.} O-O 12. Qe2 Qe7 13. a4 Kh8 14. Qf2 Na5 {White must now prevent ...Nxb3.} 15. Ba2 c5 16. d5 (16. Bd5 $11) 16... b5 $17 (16... Bxa4 17. b4 $16) 17. b4 Nb7 18. axb5 axb5 19. Bb3 Bh6 20. Rfe1 Qd8 21. Nf1 cxb4 ({Black should try} 21... Qc7 $17 {Threatens to win with ...Rxa1.} 22. Qb2 Qb6) 22. cxb4 $11 Rxa1 (22... Kg7 $15) 23. Rxa1 Qb6 24. h4 f6 25. Bd1 Kg7 26. N3h2 f5 {Dodges Ng4} 27. exf5 gxf5 28. Nf3 Rc8 $2 {[#]} (28... Nd8 $11 {and Black has nothing to worry.}) 29. Ng5 $18 {aiming for Ne6+.} Rc4 $2 (29... f4 30. exf4 Qc7 (30... Qxf2+ $2 31. Kxf2 exf4 32. Ra7 $18) 31. fxe5 Bxg5 32. hxg5 Rf8) 30. Ra8 Nd8 {Wards off Ne6+} (30... Bxg5 {is a better defense.} 31. Qg3 Rc8 32. Qxg5+ Kh8 33. Qf6+ Kg8) 31. Qg3 f4 32. Ne6+ Kf6 (32... Kh8 $142 33. Qf3 Bxe6) 33. Qg8 Nxe6 34. dxe6 Bxe6 35. Qxh7 (35. Rf8+ $142 Ke7 36. Re8+ (36. Qxh7+ Kxf8 37. Qxh6+ Kf7 $17) 36... Kd7 37. Qxe6+ Kc6 38. Bf3+ (38. Qxh6 fxe3 39. Bf3+ e4 $18) 38... e4 39. Bxe4+ Rxe4 40. Qxe4+ (40. Rc8+ Qc7 41. Qxe4+ Kb6 42. Rxc7 Kxc7 43. Qxh7+ Kc6 44. Qxh6 Kd7 45. Qxf4 Ke7) 40... Kc7 41. Qa8 (41. Qxh7+ Bg7 42. Re7+ Kc8 43. Rxg7 Qd8 44. Qf5+ Kb8 45. Qxb5+ Qb6 46. Qxb6+ Kc8 47. Qc7#)) 35... Bg7 36. Bh5 Bf7 37. Bxf7 (37. Rf8 $142 Ke6 38. Bxf7+ (38. Rxf7 fxe3 39. Qg6+ Kd5 $18) 38... Kd7 39. Be8+ (39. Qxg7 Qxe3+ 40. Nxe3 Rc1+ 41. Kh2 Rh1+ 42. Kxh1 Kc6 43. Bd5+ Kb6 44. Qb7#) 39... Kc8 40. Qxg7 Qd8 41. Qa7 (41. Bxb5 Qxf8 42. Qxf8+ Kb7 43. Bxc4 Kc7 44. Bd5 f3 45. Qe7+ Kc8 46. gxf3 e4 47. f4 Kb8 48. Qb7#) (41. Bd7+ Kb7 42. Rxd8 Rc7 43. Qg8 Rc4 44. Rb8+ Ka7 45. Ra8+ Kb7 46. Qb8#) 41... Qc7 42. Bxb5+ Qd8 43. Bd7#) 37... Kxf7 38. Qh5+ (38. Qf5+ $142 Ke7 39. Qg6) 38... Kf6 39. Qg5+ (39. Re8 $142 Qb7 40. Qg4 Qe7 41. Qg5+ (41. Rxe7 Kxe7 42. Qxg7+ Ke6 $18) 41... Ke6 42. Qxe7+ (42. Rxe7+ Kd5 43. Qxg7 fxe3 44. Nxe3+ Kd4 45. Nxc4 bxc4 46. Rc7 Kd3) 42... Kf5 43. Qxg7 Ke4 44. Qh7+ Kd5 45. Qb7+ Rc6 46. Qf7+ (46. Qxb5+ Rc5 47. bxc5 fxe3 48. cxd6+ Kxd6 49. Nxe3 e4 50. Nf5+ Kc7 51. Re7+ Kd8 52. Qe8#) 46... Ke4 47. Qh7+ Kd5 48. Qd3#) 39... Kf7 40. Qh5+ (40. Qf5+ $18 Ke7 41. Qg6) 40... Kf6 $1 41. Re8 Qa7 42. Qg4 fxe3 {Weighted Error Value: White=0.38/Black=0.90.  Loses game:     	---       	Black=1      Mistake:       	White=2     	Black=5      Inaccurate:     	White=3     	Black=2      OK:         	White=7     	Black=6      Best:        	White=3     	---} 1-0

[Event "45th FIDE Womens Olympiad 2024"]
[Site "Budapest"]
[Date "2024.09.16"]
[Round "6.37"]
[White "Linares Napoles, Oleiny"]
[Black "Kamalidenova, Meruert"]
[Result "0-1"]
[ECO "A36"]
[WhiteElo "2201"]
[BlackElo "2352"]
[Annotator "TA"]
[PlyCount "86"]
[EventDate "2024.09.05"]
[EventType "team-tourn"]
[EventCountry "HUN"]
[SourceTitle "playchess.com"]
[Source "ChessBase"]
[SourceQuality "1"]
[WhiteTeam "Cuba"]
[BlackTeam "Kazakhstan"]
[WhiteTeamCountry "CUB"]
[BlackTeamCountry "KAZ"]
[TimeControl "40/5400+30:1800+30"]

1. c4 Nf6 2. g3 g6 3. Bg2 Bg7 4. Nc3 O-O 5. e4 c5 6. Nge2 Nc6 7. d3 a6 {A36: Symmetrical English vs ...g6: 4 Bg2 Bg7.} 8. O-O Rb8 9. Bg5 $146 ({Predecessor:} 9. a4 Ne8 10. Be3 d6 11. d4 cxd4 12. Nxd4 Nc7 13. Qd2 Bd7 14. h3 Na5 15. Qd3 {1-0 Duda,J (2729)-Bernadskiy,V (2609) Titled Tuesday intern op 17th Jan Late blitz 2023 (4)}) 9... b5 10. Qd2 Re8 11. Rac1 d6 12. b3 Bg4 13. h3 Bd7 14. Bh6 Bh8 ({Black should play} 14... Bxh6 $11 15. Qxh6 b4) 15. f4 $1 $14 b4 16. Nd1 e6 (16... a5 $14) 17. g4 Qc7 18. Ne3 Bc8 19. Rf2 Nd7 20. Rcf1 f6 (20... Nd4 $16 {was necessary.}) 21. f5 Nde5 22. fxe6 Bxe6 23. Nf4 Qd8 24. Nxe6 Rxe6 {[#]} 25. g5 (25. Nd5 $1 $16 ) 25... Nf7 26. Ng4 (26. h4 $1 $16) 26... Nce5 $1 $11 (26... Nxg5 27. e5 Nxe5 28. Bd5 Nxg4 (28... Nxh3+ $2 29. Kg2 $18) 29. hxg4 $18) 27. Nxf6+ Bxf6 28. gxf6 Nxh6 $1 29. Qxh6 Rb7 $1 30. Qg5 Rf7 31. h4 Qf8 32. Bh3 (32. h5 $1 $15 h6 33. Qg3 (33. Qh4 g5 $19) 33... Rexf6 (33... Rfxf6 $2 34. Bh3 $18) 34. Rxf6 Rxf6 35. hxg6) 32... h6 $17 33. Qe3 (33. Qf4 $17 Rexf6 34. Qxf6 Rxf6 35. Rxf6) 33... Rexf6 $19 34. Rxf6 Rxf6 35. Rxf6 Qxf6 36. Qxh6 Nxd3 37. e5 $2 (37. Bg2) 37... Qf2+ $19 (37... dxe5 38. Bg2 Nf4 (38... e4 39. Qe3 $17) 39. Bd5+ Nxd5 40. cxd5 $17) (37... Nxe5 38. h5 $17) 38. Kh1 {[#]} Qe1+ $1 (38... Nxe5 $2 39. Be6+ Nf7 40. Qxg6+ Kh8 (40... Kf8 $2 41. Qxf7+ Qxf7 42. Bxf7 $18) 41. Qxf7 $18) 39. Kg2 {[#]} Qe4+ $1 (39... Nxe5 40. Be6+ Nf7 41. Qxg6+ Kh8 42. Qh5+ (42. Qxf7 Qd2+ 43. Kg3 Qe3+ 44. Kg4 Qe2+ 45. Kg5 Qe5+ 46. Kh6 Qe3+ 47. Kh5 Qe2+ 48. Bg4 Qe5+ 49. Kg6 Qe4+ 50. Qf5 Qe8+ 51. Kh6 Qe3+ 52. Qg5 Qxg5+ 53. hxg5 Kg8) 42... Kg7 43. Qxf7+ Kh6 44. Qf8+ (44. Qf6+ Kh7 45. Qf5+ Kh6 46. Qg5+ Kh7 47. Bf5+ Kh8 48. Qh6+ Kg8 49. Be6+ Qxe6) 44... Kh5 45. Bf7+ (45. Qxd6 Qe2+ 46. Kg3 Qe3+ 47. Kg2 Qe2+ 48. Kg3 Qe3+ 49. Kg2 Qe2+ $11) 45... Kg4 46. Qg7+ (46. Qxd6 Qe2+ 47. Kg1 Qe1+ 48. Kg2 Qe2+ 49. Kg1 Qe1+ 50. Kg2 $11) 46... Kxh4 47. Qh6+ Kg4 48. Be6+ (48. Qxd6 Qe2+ 49. Kg1 Qe1+ 50. Kg2 Qe2+ 51. Kg1 Qe1+ 52. Kg2 $11) (48. Qxd6 Qe2+ 49. Kg1 Qe1+ 50. Kg2 Qe2+ 51. Kg1 Qe1+ 52. Kg2 $11)) 40. Kg1 $2 (40. Kg3 Qxe5+ 41. Kf3 Qf6+ 42. Kg2) 40... Nf4 $19 41. Bf1 Qe3+ 42. Kh1 Qf2 43. Bh3 Qf3+ ({Weaker is} 43... Nxh3 44. Qxg6+ Kh8 45. Qh6+ Kg8 46. Qe6+ Kh7 47. Qxh3 dxe5 48. Qg4 $11) 0-1

[Event "45th FIDE Womens Olympiad 2024"]
[Site "Budapest"]
[Date "2024.09.16"]
[Round "6.37"]
[White "Alazmi, Amani"]
[Black "Lima, Izidora Lourenco"]
[Result "1/2-1/2"]
[ECO "A24"]
[WhiteElo "1673"]
[BlackElo "1579"]
[PlyCount "62"]
[EventDate "2024.09.05"]
[EventType "team-tourn"]
[EventCountry "HUN"]
[WhiteTeam "Kuwait"]
[BlackTeam "Sao Tome and Principe"]
[WhiteTeamCountry "KUW"]
[BlackTeamCountry "SAO"]
[TimeControl "40/5400+30:1800+30"]

1. c4 e5 2. g3 Nf6 3. Bg2 g6 4. Nc3 Bg7 5. e4 O-O 6. Nge2 d6 7. O-O Be6 8. d3 Qd7 9. f4 Bg4 10. Be3 Nc6 11. Qd2 Rad8 12. Rf2 Rfe8 13. Raf1 Bxe2 14. Nxe2 Ng4 15. Bh3 f5 16. Bxg4 fxg4 17. f5 gxf5 18. exf5 Bf6 19. Nc3 Rf8 20. Nd5 Ne7 21. Nxf6+ Rxf6 22. Bg5 Rf7 23. Bh6 Kh8 24. f6 Nc6 25. h3 Nd4 26. Qg5 Nf3+ 27. Rxf3 gxf3 28. Bg7+ Kg8 29. Bh6+ Kh8 30. Bg7+ Kg8 31. Bh6+ Kh8 1/2-1/2